 Dungeon Crawl Stone Soup version 0.25.0 (webtiles) character file.

Game seed: 7437954406926885731

2426 theswoord the Carver (level 9, -1/61 HPs)
             Began as a Demonspawn Gladiator on June 12, 2020.
             Was an Elder of Uskayaw.
             Slain by an orc warrior
             ... wielding a +0 flail
              (14 damage)
             ... on level 7 of the Dungeon.
             The game lasted 00:17:29 (9294 turns).

theswoord the Carver (Demonspawn Gladiator)         Turns: 9294, Time: 00:17:30

Health: -1/61      AC: 12    Str: 14    XL:     9   Next: 24%
Magic:  11/11      EV:  7    Int: 11    God:    Uskayaw [****..]
Gold:   347        SH:  6    Dex: 17    Spells: 8/8 levels left

rFire    . . .     SeeInvis .   a - +1 long sword
rCold    . . .     Gourm    .   (no shield)
rNeg     . . .     Faith    .   s - +1 chain mail
rPois    .         Spirit   .   c - +0 helmet
rElec    .         Reflect  .   j - +0 cloak
rCorr    .         Harm     .   (no gloves)
MR       .....                  i - +0 pair of boots
Stlth    ..........             (no amulet)
HPRegen  0.20/turn              (no ring)
MPRegen  0.12/turn              (no ring)

@: studying Unarmed Combat
A: claws 1, large bone plates 2, demonic guardian 1, powered by pain 1
a: Stomp, Line Pass, Renounce Religion


You were on level 7 of the Dungeon.
You worshipped Uskayaw.
Uskayaw was noncommittal.
You were near starving.

You visited 2 branches of the dungeon, and saw 8 of its levels.
You also visited: Ossuary.

You collected 347 gold pieces.

Inventory:

Hand Weapons
 a - a +1 long sword (weapon)
Missiles
 d - 5 throwing nets (quivered)
Armour
 b - a +0 leather armour
 c - a +0 helmet (worn)
 i - a +0 pair of boots (worn)
 j - a +0 cloak (worn)
 m - a +0 ring mail
 s - a +1 chain mail (worn)
Jewellery
 v - an uncursed ring of fire {unknown}
 x - an uncursed amulet of reflection {unknown}
Wands
 u - a wand of digging (3)
Scrolls
 e - 3 scrolls of identify
 g - 5 scrolls of teleportation
 l - a scroll of amnesia {unknown}
 q - 5 scrolls of remove curse
 w - a scroll of summoning {unknown}
Potions
 h - a potion of ambrosia
 k - a potion of mutation
 n - 3 potions of curing
 p - 2 potions of lignification
 t - a potion of degeneration {unknown}
Books
 o - a manual of Unarmed Combat
Comestibles
 f - 11 rations


   Skills:
 - Level 2.0 Fighting
 * Level 11.3 Long Blades
 - Level 1.7 Throwing
 - Level 2.6 Dodging
 + Level 3.7 Invocations


You had 8 spell levels left.
You didn't know any spells.
Your spell library contained the following spells:

 Spells                   Type           Power        Failure   Level  Hunger
 Magic Dart               Conj           #...         100%        1    ##.....
 Blink                    Tloc           N/A          100%        2    ###....
 Call Imp                 Summ           #.......     100%        2    ###....
 Slow                     Hex            #.......     100%        2    ###....
 Conjure Flame            Conj/Fire      #.......     100%        3    ####...
 Mephitic Cloud           Conj/Pois/Air  #.......     100%        3    ####...


Dungeon Overview and Level Annotations

Branches:
Dungeon (7/15)             Temple (1/1) D:5         Ossuary (visited)

Altars:
Cheibriados
Dithmenos
Fedhas
Hepliaklqana
Kikubaaqudgha
Makhleb
Nemelex Xobeh
Okawaru
Qazlal
Ru
Sif Muna
Trog
Uskayaw
Vehumet
Wu Jian
Xom
The Shining One

Shops:
D:4 =   D:5 }


Innate Abilities, Weirdness & Mutations

You have sharp fingernails.
You are mostly covered in large bone plates. (SH +6)
A weak demonic guardian rushes to your aid.
You sometimes gain a little power by taking damage.


Message History

Unknown command.
You hit the orc warrior.
The orc warrior is heavily wounded.
Your shadow imp closely misses the orc warrior.
The orc warrior hits you with a +0 flail!
* * * LOW HITPOINT WARNING * * *
Unknown command.
You hit the orc warrior but do no damage.
The orc warrior is heavily wounded.
Your shadow imp barely misses the orc warrior.
You hit the orc warrior.
The orc warrior is heavily wounded.
The orc warrior hits you with a +0 flail.
* * * LOW HITPOINT WARNING * * *
Your shadow imp hits the orc warrior but does no damage.
Uskayaw will force your foes to share their pain.
You closely miss the orc warrior.
The orc warrior is heavily wounded.
The orc warrior hits you with a +0 flail!
You die...

........##
#.........#
....#...#
##.....##....
...###...#
##.....## ##..
...# ##...#
#.....## ##
..##
##...###....##
.## #...#....##
..# ........#
..## #.......#
...## #%....o@#
....##
...##.5))......
.....####..
#..........
..........
............
.........
.............
#......#
..............#
#...####
...##........##
#..## ...
#........# #..#


You could see an orc warrior and a friendly shadow imp (summoned).

Vanquished Creatures
  Menkaure (D:6)
  An orc warrior (D:7)
  Duvessa (D:5)
  A phantom (D:7)
  3 ogres
  3 elf zombies (Ossuary)
  2 bullfrogs (D:6)
  2 scorpions
  Dowan (D:5)
  A howler monkey (D:6)
  A crimson imp (D:6)
  A bullfrog zombie (D:7)
  4 centaur zombies (Ossuary)
  3 orc wizards
  A hound (D:4)
  2 orc priests
  A bullfrog skeleton (D:5)
  2 worker ants
  2 iguanas
  A big kobold zombie (Ossuary)
  2 hound zombies (Ossuary)
  A hound skeleton (D:4)
  3 mummies (Ossuary)
  3 gnolls (D:3)
  7 adders
  4 shadow imps
  3 adder zombies (Ossuary)
  2 worms
  4 dart slugs
  4 leopard geckos
  13 orcs
  3 ball pythons
  9 giant cockroaches
  6 hobgoblins
  14 jackals
  A quokka (D:6)
  5 bats
  A frilled lizard (D:3)
  4 goblins
  3 goblin zombies (Ossuary)
  3 hobgoblin zombies (Ossuary)
  2 jackal zombies (Ossuary)
  6 kobolds
  A kobold zombie (Ossuary)
  A leopard gecko skeleton (D:5)
  An orc zombie (Ossuary)
  2 quokka zombies (Ossuary)
  3 rats
  5 rat zombies
150 creatures vanquished.

Vanquished Creatures (collateral kills)
  Edmund (D:5)
  An orc warrior (D:6)
  3 ogres
  A bullfrog (D:6)
  A scorpion (D:5)
  A howler monkey (D:4)
  An orc wizard (D:6)
  A centaur zombie (Ossuary)
  An iguana (D:7)
  A gnoll (D:3)
  2 adder zombies (Ossuary)
  4 orcs
  A hobgoblin zombie (Ossuary)
  A kobold zombie (Ossuary)
  2 rat zombies (Ossuary)
22 creatures vanquished.

Grand Total: 172 creatures vanquished

Notes
Turn   | Place    | Note
-------+----------+-------------------------------------------
     0 | D:1      | theswoord the Demonspawn Gladiator began the quest for the
                  | Orb.
     0 | D:1      | Reached XP level 1. HP: 16/16 MP: 1/1
   209 | D:1      | Reached skill level 3 in Long Blades
   623 | D:1      | Gained mutation: You are partially covered in large bone
                  | plates. (SH +4) [demonic ancestry]
   623 | D:1      | Reached XP level 2. HP: 22/22 MP: 2/2
  1260 | D:2      | Gained mutation: A weak demonic guardian rushes to your
                  | aid. [demonic ancestry]
  1260 | D:2      | Reached XP level 3. HP: 27/27 MP: 3/3
  1756 | D:2      | Found a stormy altar of Qazlal.
  1851 | D:3      | Reached skill level 4 in Long Blades
  2233 | D:3      | Gained mutation: You are mostly covered in large bone
                  | plates. (SH +6) [demonic ancestry]
  2233 | D:3      | Reached XP level 4. HP: 33/33 MP: 4/4
  2248 | D:3      | HP: 1/33 [gnoll/+2 halberd of flaming (3)]
  3222 | D:3      | Reached skill level 5 in Long Blades
  3392 | D:4      | Noticed an ogre
  3402 | D:4      | Killed an ogre
  3402 | D:4      | Reached XP level 5. HP: 35/38 MP: 5/5
  3403 | D:4      | Noticed an ogre
  3410 | D:4      | Killed an ogre
  3410 | D:4      | Reached skill level 6 in Long Blades
  3474 | D:4      | Gained mutation: You sometimes gain a little power by
                  | taking damage. [demonic ancestry]
  3474 | D:4      | Reached XP level 6. HP: 44/44 MP: 6/6
  3812 | D:3      | Reached skill level 7 in Long Blades
  4026 | D:4      | Found Jytron's Jewellery Shoppe.
  4050 | D:4      | Found a blossoming altar of Fedhas.
  4276 | D:5      | Entered Level 5 of the Dungeon
  4300 | D:5      | Found a sand-covered staircase.
  4315 | Ossuary  | Entered an ossuary
  4340 | Ossuary  | Reached XP level 7. HP: 47/50 MP: 7/7
  4510 | Ossuary  | Reached skill level 8 in Long Blades
  5239 | D:5      | Reached skill level 9 in Long Blades
  5239 | D:5      | Reached XP level 8. HP: 37/56 MP: 8/8
  5437 | D:5      | Noticed Duvessa
  5437 | D:5      | Noticed Dowan
  5483 | D:5      | Killed Dowan
  5499 | D:5      | Killed Duvessa
  5717 | D:5      | Noticed Edmund
  5833 | D:5      | Found a sparkling altar of Nemelex Xobeh.
  5982 | D:5      | Found a staircase to the Ecumenical Temple.
  6403 | D:5      | Found Dokusuq's Gadget Shoppe.
  6422 | D:5      | Found a shimmering blue altar of Sif Muna.
  6498 | D:5      | Killed Edmund
  6498 | D:5      | Reached skill level 10 in Long Blades
  6986 | Temple   | Entered the Ecumenical Temple
  7869 | D:6      | Found an ornate altar of the Wu Jian Council.
  7961 | Temple   | Became a worshipper of Uskayaw the Reveler
  7998 | D:6      | Reached * piety under Uskayaw
  8005 | D:6      | Reached skill level 1 in Invocations
  8005 | D:6      | Reached ** piety under Uskayaw
  8186 | D:6      | Noticed Menkaure
  8195 | D:6      | Killed Menkaure
  8448 | D:6      | Gained mutation: You have sharp fingernails. [demonic
                  | ancestry]
  8448 | D:6      | Reached XP level 9. HP: 58/61 MP: 10/10
  8742 | D:6      | Reached skill level 11 in Long Blades
  9280 | D:7      | Reached *** piety under Uskayaw
  9283 | D:7      | Reached **** piety under Uskayaw
  9294 | D:7      | Slain by an orc warrior

Skill      XL: |  1  2  3  4  5  6  7  8  9 |
---------------+----------------------------+-----
Long Blades    | 3 4 5 6 7 9 10 11 | 11.3
Invocations    | 2 3 |  3.7
Fighting       | |  2.0
Throwing       | |  1.7
Dodging        | |  2.6

Action                   |  1- 3 |  4- 6 |  7- 9 || total
-------------------------+-------+-------+-------++-------
Melee: Long sword        |   118 |   160 |   475 ||   753
Throw: Throwing net      |       |       |     2 ||     2
Invok: Line Pass         |       |       |     1 ||     1
  Use: Potion            |       |     3 |     3 ||     6
       Scroll            |       |     8 |     3 ||    11
 Stab: Sleeping          |     2 |       |     4 ||     6
       Distracted        |       |       |     3 ||     3
       Paralysed         |       |       |     2 ||     2
       Confused          |       |       |     1 ||     1
  Eat: Chunk             |     4 |     7 |     8 ||    19
       Ration            |       |       |     2 ||     2
Armor: Leather armour    |    19 |       |       ||    19
       Ring mail         |    38 |    30 |       ||    68
       Skin              |       |     9 |       ||     9
       Chain mail        |       |    25 |   181 ||   206
Dodge: Dodged            |    59 |    85 |   110 ||   254
Block: Other             |    21 |    45 |   103 ||   169
       Rpst.: Long sword |    25 |    25 |    40 ||    90

Levels and vault maps discovered:
D:1:      roderic_crossed_star, layout_loops_ring
D:2:      layout_loops_cross, grunt_qazlal_sundering
D:3:      layout_loops_ring
D:4:      layout_cave_pools, overflow_temple_1_default, serial_shops,
          nicolae_shop_waterfront
D:5:      layout_basic, kennysheep_mini, minmay_temple_entry_sparse_star,
          first_ration, serial_shops, kennysheep_little_box, enter_ossuary_3,
          serial_bayou_pond_b, grunt_ministairs_9, nemelex_spade_bored_becter,
          uniq_edmund, uniq_duvessa
D:6:      layout_basic, nicolae_overflow_crystal_walls, minmay_manual_moon,
          uniq_menkaure
D:7:      layout_layer_cave, chequers_temple_overflow_minitemple,
          hangedman_abyss_or_decor_lesser_grid, the_bakery
Temple:   dshaligram_water_room_temple
